 Dungeon Crawl Stone Soup version 0.30.1-4-g462c640d31 (webtiles) character file.

Game seed: 5433357566365894228

117 hawla the Firebug (level 5, 0/57 HPs)
             Began as a Meteoran Fire Elementalist on Aug 26, 2023.
             Slain by a lemure (4 damage)
             ... led by Pikel
             ... on level 4 of the Dungeon.
             The game lasted 00:04:06 (610 turns).

hawla the Firebug (Meteoran Fire Elementalist)       Turns: 610, Time: 00:04:06

Health: 0/57       AC: 22    Str:  9    XL:     5   Next: 47%
Magic:  1/11       EV:  2    Int: 19    God:
Gold:   130        SH:  0    Dex: 14    Spells: 4/11 levels left

rFire   . . .        h - +2 mace (holy)
rCold   . . .        (no shield)
rNeg    . . .        a - melded +0 robe
rPois   +            (helmet currently unavailable)
rElec   .            (cloak currently unavailable)
rCorr   .            (gloves currently unavailable)
SInv    .            (boots currently unavailable)
Will    .....        (no amulet)
Stlth   +            (no ring)
HPRegen 0.29/turn    (no ring)
MPRegen 0.12/turn

%: no passive effects
@: tree-form, glowing
A: stationary, stasis, torment immunity, boosted hp, sense surroundings 1,
otherworldly, glowing, explore regen
a: no special abilities


You were on level 4 of the Dungeon.
You were a tree.
You visited 1 branch of the dungeon, and saw 4 of its levels.

You collected 130 gold pieces.

Inventory:

Hand Weapons
 h - a +2 mace of holy wrath (weapon)
Armour
 a - a +0 robe (melded)
Wands
 e - a wand of paralysis (5)
Potions
 b - a potion of magic
 c - 2 potions of lignification
 g - a potion of flight {unknown}


   Skills:
 - Level 0.1 Fighting
 - Level 0.2 Maces & Flails
 - Level 2.6 Dodging
 - Level 1.4 Stealth
 - Level 3.5 Spellcasting
 + Level 4.0 Conjurations
 - Level 4.5 Fire Magic


You had 4 spell levels left.
You knew the following spells:

 Your Spells              Type           Power      Damage    Failure   Level
a - Foxfire               Conj/Fire      76%        2x1d7     2%          1
b - Scorch                Fire           40%        2d7       3%          2
c - Flame Wave            Conj/Fire      19%        2d7       24%         4

Your spell library contained the following spells:

 Spells                   Type           Power      Damage    Failure   Level
 Inner Flame              Hex/Fire       12%        N/A       17%         3
 Volatile Blastmotes      Fire/Tloc      24%        2d12      17%         3
 Leda's Liquefaction      Hex/Erth       1%         N/A       82%         4
 Lee's Rapid Deconstruct  Erth           1%         3d4*      99%         5
 Statue Form              Tmut/Erth      2%         N/A       100%        6


Dungeon Overview and Level Annotations

Branches:
Dungeon (4/15) Zot: 1786
 Temple: D:4-7

Altars:
Cheibriados
Hepliaklqana
Yredelemnul
The Shining One

Annotations:
D:4 Pikel


Innate Abilities, Weirdness & Mutations

You are a tree.
Your roots penetrate the ground, keeping you stationary.
You cannot be teleported.
You are immune to unholy pain and torment.
Your maximum health is greatly increased.
Your equipment is partially melded.
You passively map a small area around you.
You are easily found by Zot.
You glow in the dark.
You regain HP and MP as you explore.


Message History

You kill the lemure!
That felt strangely unrewarding.
The flame wave engulfs the lemure.
The lemure is moderately wounded.
The flame wave engulfs the lemure!
The lemure is moderately wounded.
The flame wave engulfs Pikel but does no damage.
The lemure completely misses you.
A wave of flame ripples out!
The flame wave engulfs the lemure.
The lemure is heavily wounded.
The flame wave engulfs the lemure!
The lemure is severely wounded.
The flame wave engulfs the lemure!
The lemure is moderately wounded.
The flame wave engulfs Pikel.
Pikel resists.
Pikel is lightly wounded.
You finish channelling waves of flame.
The lemure misses you.
Unknown command.
You aren't carrying any scrolls.
Really quaff the potion of lignification?
You turn into a tree.
Your +0 robe melds into your body.
Your roots penetrate the ground.
The lemure hits you but does no damage.
You miss Pikel.
Pikel is lightly wounded.
The lemure hits you.
The lemure hits you but does no damage. x2
Pikel hits you but does no damage. The lemure hits you but does no damage.
Pikel hits you but does no damage.
You are electrocuted!
The lemure hits you! The lemure hits you but does no damage.
You barely miss Pikel.
Pikel is lightly wounded.
The lemure hits you but does no damage. x2; The lemure hits you.
Pikel hits you but does no damage.
You hit Pikel but do no damage.
Pikel is lightly wounded.
The lemure hits you but does no damage. x3
Pikel hits you with a +2 whip of electrocution.
* * * LOW HITPOINT WARNING * * *
Pikel hits you but does no damage.
You are electrocuted!
* * * LOW HITPOINT WARNING * * *
The lemure barely misses you. The lemure hits you.
You die...

, .............# * .............
+ , * * ........... * **,, *
........., * + ## * * *#......# *
* +* #. #......# * ,#. * _.#
#..5K5.# ########. #§.○# #...♣5.#
#........ ...#
##......######........ *☼.○#
#......##......######. ...#
#......#.............. ###'###
#......#.....#........
###.....####............#........
#.........##.#######.####..####..
.)#.....#....#.....#...##..####..
..###'###....#.....#...#.........


You could see Pikel (resistant) and 3 lemures.

Vanquished Creatures
  A lemure (D:4)
  A hound (D:4)
  An iguana (D:4)
  Ijyb (D:4)
  2 adders
  A dart slug (D:4)
  2 orcs (D:4)
  2 endoplasms
  A quokka (D:4)
  4 ball pythons
  2 rats (D:2)
18 creatures vanquished.

Vanquished Creatures (others)
  48 foxfires
48 creatures vanquished.

Grand Total: 66 creatures vanquished

Notes
Turn   | Place    | Note
-------+----------+-------------------------------------------
     0 | D:1      | hawla the Meteoran Fire Elementalist began the quest for
                  | the Orb.
     0 | D:1      | Reached XP level 1. HP: 14/14 MP: 5/5
   154 | D:2      | Reached XP level 2. HP: 19/20 MP: 0/7
   157 | D:2      | Learned a level 2 spell: Scorch
   266 | D:4      | Found a snail-covered altar of Cheibriados.
   266 | D:4      | Noticed Ijyb
   276 | D:4      | Paralysed by Ijyb for 4 turns
   281 | D:4      | Killed Ijyb
   282 | D:4      | Reached XP level 3. HP: 17/26 MP: 0/9
   285 | D:4      | Found a basalt altar of Yredelemnul.
   287 | D:4      | Found a glowing golden altar of the Shining One.
   289 | D:4      | Noticed an angel
   293 | D:4      | Reached XP level 4. HP: 29/33 MP: 4/10
   309 | D:4      | Learned a level 4 spell: Flame Wave
   439 | D:4      | Found a hazy altar of Hepliaklqana.
   497 | D:4      | Reached XP level 5. HP: 38/38 MP: 6/11
   597 | D:4      | Noticed a lemure
   599 | D:4      | Noticed a lemure
   599 | D:4      | Noticed Pikel
   600 | D:4      | Noticed a lemure
   601 | D:4      | Noticed a lemure
   605 | D:4      | Killed a lemure
   610 | D:4      | Slain by a lemure

Illustrated notes

Levels and vault maps discovered:
D:1:      dpeg_arrival_lava_temple_mockup, layout_loops_cross, minmay_3d_cube
D:2:      layout_loops_cross, serial_shops, nicolae_shop_dealshenge,
          hellmonk_ecumenical_altar_run_dry, st_stairs_14, minmay_misc_feat_x
D:3:      layout_loops_ring, mainiacjoe_overflow_surrounded_room, st_stairs_9,
          uniq_natasha
D:4:      layout_gridville, grunt_temple_overflow_holy_war,
          general_overflow_altar, lemuel_coloured_pillars_altar,
          amcnicky_altar_gilded, nicolae_ossuary_entry_catacombs, uniq_ijyb,
          uniq_pikel

Skill      XL: |  1  2  3  4  5 |
---------------+----------------+-----
Spellcasting   | 3 |  3.5
Fire Magic     | 4 |  4.5
Conjurations   | 3 4 |  4.0
Fighting       | |  0.1
Maces & Flails | |  0.2
Dodging        | |  2.6
Stealth        | |  1.4

Action                     |  1- 3 |  4- 6 || total
---------------------------+-------+-------++-------
  Melee: Mace              |     5 |     5 ||    10
   Cast: Foxfire           |    19 |     7 ||    26
         Scorch            |     2 |     7 ||     9
         Flame Wave        |       |     3 ||     3
    Use: Scroll            |     3 |     1 ||     4
         Potion            |       |     1 ||     1
 Armour: Robe              |     4 |     1 ||     5
         Skin              |       |    14 ||    14
  Dodge: Dodged            |     6 |     9 ||    15
